 Dungeon Crawl Stone Soup version 0.17.1-3-g152610e (webtiles) character file.

339 kaze the Ruffian (level 6, -5/61 HPs)
             Began as a Troll Monk on Mar 31, 2016.
             Slain by a gnoll
             ... wielding a +0 halberd
              (13 damage)
             ... on level 4 of the Dungeon.
             The game lasted 00:03:56 (2359 turns).

kaze the Ruffian (Troll Monk)                       Turns: 2359, Time: 00:03:56

Health: -5/61      AC:  5    Str: 22    XL:     6   Next: 29%
Magic:  5/5        EV: 17    Int:  6    God:
Gold:   163        SH:  0    Dex: 17    Spells: 0 memorised, 5 levels left

rFire  x . .     SeeInvis .     w - +0 halberd
rCold  + . .     Clarity  .     a - +0 robe
rNeg   + . .     SustAt   .     (shield currently unavailable)
rPois  .         Gourm    +     (helmet restricted)
rElec  .         Spirit   .     (no cloak)
rCorr  .         Warding  +     (gloves unavailable)
rMut   .         Stasis   .     (boots unavailable)
MR     .....                    e - amulet of warding
Stlth  +++.......               m - ring of ice
                                d - +4 ring of slaying

@: agile, not resistant to hostile enchantments, fairly stealthy
A: unfitting armour, claws 3, fast metabolism 3, gourmand, regeneration 2,
shaggy fur 1, tough skin 2
a: no special abilities


You were on level 4 of the Dungeon.
You were very full.

You visited 1 branch of the dungeon, and saw 4 of its levels.

You collected 163 gold pieces.

Inventory:

Hand Weapons
 w - a +0 halberd (weapon)
Armour
 a - a +0 robe (worn)
Jewellery
 d - a +4 ring of slaying (left claw)
 e - an amulet of warding (around neck)
 m - a ring of ice (right claw)
Scrolls
 g - 2 scrolls of remove curse {unknown}
 h - a scroll of identify {unknown}
 i - 2 scrolls of magic mapping {unknown}
 j - a scroll of immolation {unknown}
 k - a scroll of blinking {unknown}
 l - a scroll of teleportation {unknown}
 r - a scroll of amnesia {unknown}
 t - 3 scrolls of fog {unknown}
 u - a scroll of enchant weapon {unknown}
Potions
 f - 2 potions of heal wounds {unknown}
 n - a potion of cancellation {unknown}
 o - a potion of might {unknown}
Comestibles
 b - a bread ration
 c - a royal jelly
 p - a meat ration
 s - a beef jerky


   Skills:
 + Level 3.2 Fighting
 + Level 1.0 Polearms
 + Level 4.0 Dodging
 + Level 1.4 Stealth
 + Level 5.5 Unarmed Combat


You had 5 spell levels left.
You didn't know any spells.

Dungeon Overview and Level Annotations

Branches:
Dungeon (4/15)
 Temple: D:4-7

Altars:
Ashenzari
Nemelex Xobeh
Trog


Innate Abilities, Weirdness & Mutations

You are too large for most types of armour.
You have claws for hands.
Your metabolism is lightning-fast.
You like to eat raw meat.
You heal very quickly.
You are covered in fur (AC +1).
You have very tough skin (AC +2).


Message History

The hound bites you.
* * * LOW HITPOINT WARNING * * *
You are too injured to fight recklessly!
Unknown command.
You puncture the hound!
You kill the hound!
Your Polearms skill increases to level 1!
The gnoll misses you.
You hit the gnoll.
The gnoll is severely wounded.
The gnoll hits you but does no damage. The gnoll completely misses you.
You closely miss the gnoll.
The gnoll is severely wounded.
The gnoll barely misses you.
The gnoll hits you from afar with a halberd!
* * * LOW HITPOINT WARNING * * *
You puncture the gnoll!
You kill the gnoll!
The gnoll hits you from afar with a halberd!
You die...

######### #.......# ######
#.#####.# #...... #.# #@#
#####......! #.#
#†###....)...... ##.##
#.g..g..g.....##
#####...########.###).####
#...........# #.# ..#
#.###...###.# #.# .$# #.#
##.## #.# #.# ... #.# ##.#
#.####.####g#. #.#
#..####.............#


You could see a gnoll.

Vanquished Creatures
  An ogre (D:4)
  An orc wizard (D:4)
  An orc priest (D:4)
  A hound (D:4)
  Natasha (twice) (D:4)
  5 gnolls
  3 adders
  2 giant geckos (D:2)
  3 orcs
  A ball python (D:2)
  9 bats
  2 giant cockroaches
  5 hobgoblins
  2 jackals (D:2)
  6 giant newts
  9 goblins
  7 kobolds
  4 rats
64 creatures vanquished.

Notes
Turn   | Place    | Note
--------------------------------------------------------------
     0 | D:1      | kaze the Troll Monk began the quest for the Orb.
     0 | D:1      | Reached XP level 1. HP: 22/22 MP: 0/0
   278 | D:1      | Reached XP level 2. HP: 26/29 MP: 1/1
   650 | D:2      | Found a shattered altar of Ashenzari.
   650 | D:2      | Found a bloodstained altar of Trog.
   778 | D:2      | Reached XP level 3. HP: 31/36 MP: 2/2
   809 | D:2      | Found a sparkling altar of Nemelex Xobeh.
  1400 | D:3      | Reached XP level 4. HP: 40/44 MP: 3/3
  1403 | D:3      | Reached skill level 5 in Unarmed Combat
  2018 | D:4      | Noticed Natasha
  2020 | D:4      | Killed Natasha
  2096 | D:4      | Reached XP level 5. HP: 9/52 MP: 4/4
  2276 | D:4      | Noticed Natasha
  2282 | D:4      | Killed Natasha
  2336 | D:4      | Noticed an ogre
  2342 | D:4      | Killed an ogre
  2342 | D:4      | Reached XP level 6. HP: 27/61 MP: 5/5
  2356 | D:4      | Reached skill level 1 in Polearms
  2359 | D:4      | Slain by a gnoll

Action                   |  1- 3 |  4- 6 || total
-------------------------+-------+-------++-------
Melee: Unarmed           |   103 |    10 ||   113
       Halberd           |       |    61 ||    61
  Use: Potion            |       |     1 ||     1
 Stab: Sleeping          |       |     1 ||     1
  Eat: Chunk             |    14 |     8 ||    22
       Bread ration      |     1 |       ||     1
